 Dungeon Crawl Stone Soup version 0.23.0 (webtiles) character file.

Game seed: 12637428905331565791

102 theswoord the Bolt Thrower (level 4, 0/38 HPs)
             Began as a Naga Arcane Marksman on Feb 15, 2019.
             Slain by a gnoll
             ... wielding a +1 halberd of venom
              (6 damage)
             ... on level 3 of the Dungeon.
             The game lasted 00:05:22 (2555 turns).

theswoord the Bolt Thrower (Naga Arcane Marksman)   Turns: 2555, Time: 00:05:23

Health: 0/38       AC:  2    Str: 12    XL:     4   Next: 78%
Magic:  5/5        EV: 10    Int: 13    God:
Gold:   139        SH:  0    Dex: 13    Spells: 2/5 levels left

rFire    + . .     SeeInvis +   a - +0 hand crossbow
rCold    + . .     Gourm    .   (no shield)
rNeg     . . .     Faith    .   e - +0 robe
rPois    +         Spirit   .   (no helmet)
rElec    +         Reflect  .   (no cloak)
rCorr    +         Harm     .   (no gloves)
MR       +....                  (no barding)
Stlth    +.........             (no amulet)
HPRegen  0.12/turn              i - ring of protection from magic
MPRegen  0.09/turn              (no ring)

@: resistant, very slow
A: large, see invisible, deformed body, poison resistance, slowness 2, slow
metabolism 1, spit poison 1, AC +1
a: Spit Poison


You were on level 3 of the Dungeon.
You were not hungry.

You visited 1 branch of the dungeon, and saw 3 of its levels.

You collected 139 gold pieces.

Inventory:

Hand Weapons
 a - a +0 hand crossbow (weapon)
 b - a +0 spear
 k - a +2 vampiric hand axe
Missiles
 d - 17 bolts (quivered)
Armour
 e - a +0 robe (worn)
Jewellery
 i - a ring of protection from magic (left hand)
Wands
 l - a wand of iceblast (10)
Scrolls
 j - 3 scrolls of remove curse
 n - a scroll of teleportation {unknown}
 o - a scroll of fog {unknown}
 p - 3 scrolls of amnesia {unknown}
Potions
 g - a potion of magic {unknown}
 h - 2 potions of curing
 m - a potion of mutation {unknown}
Comestibles
 f - 5 rations
 q - 2 chunks of flesh


   Skills:
 - Level 1.0 Fighting
 + Level 4.4 Crossbows
 - Level 1.5 Dodging
 - Level 1.0 Spellcasting
 - Level 3.0 Hexes


You had 2 spell levels left.
You knew the following spells:

 Your Spells              Type           Power        Failure   Level  Hunger
a - Corona                Hex            #......      9%          1    ##.....
b - Slow                  Hex            #.......     12%         2    ###....

Your spell library contained the following spells:

 Spells                   Type           Power        Failure   Level  Hunger
 Inner Flame              Hex/Fire       #.......     41%         3    ####...
 Portal Projectile        Hex/Tloc       #.....       41%         3    ####...
 Cause Fear               Hex            #.........   63%         4    #####..
 Leda's Liquefaction      Hex/Erth       #.........   83%         4    #####..


Dungeon Overview and Level Annotations

Branches:
Dungeon (3/15)

Altars:


Innate Abilities, Weirdness & Mutations

You cannot wear boots.
Your serpentine skin is tough. (AC +1)
You have supernaturally acute eyesight. (SInv)
Armour fits poorly on your strangely shaped body.
Your system is resistant to poisons. (rPois)
You cover ground very slowly.
You have a slow metabolism.
You can spit poison.


Message History

The gnoll hits you from afar with a +1 halberd of venom!
* * * LOW HITPOINT WARNING * * *
The gnoll barely misses you.
Firing (i - inventory)
d - 18 bolts (quivered)
Aim: a gnoll, wielding a +0 halberd (almost dead)
You shoot a bolt.
The bolt hits the gnoll but does no damage.
The gnoll hits you but does no damage.
You are lethally poisoned!
The gnoll hits you from afar with a +0 halberd.
* * * LOW HITPOINT WARNING * * *
It was a potion of resistance.
You feel protected.
* * * LOW HITPOINT WARNING * * *
You feel sick. The gnoll barely misses you.
It was a potion of curing.
You feel better.
The gnoll hits you from afar with a +0 halberd.
* * * LOW HITPOINT WARNING * * *
The gnoll hits you from afar with a +1 halberd of venom.
You die...

#....))...#.....#
#.........#.....#
#......#........# .
#......#........### ..
#.................# ...
#.#+#+#.........#+#....
#. ...................
# #.#................
#.#........@(g(.((( #
#.....####.g.....
#.#+#.# ....... #. #.#
#...... # .. ...... #
...... ..... .....


You could see 2 gnolls.

Vanquished Creatures
  2 gnolls (D:3)
  3 adders (D:2)
  2 oozes
  A leopard gecko (D:3)
  3 giant cockroaches
  3 goblins
  6 hobgoblins
  2 quokkas
  3 ball pythons
  9 bats
  4 frilled lizards
  5 kobolds
  5 rats
48 creatures vanquished.

Notes
Turn   | Place    | Note
-------+----------+-------------------------------------------
     0 | D:1      | theswoord the Naga Arcane Marksman began the quest for the
                  | Orb.
     0 | D:1      | Reached XP level 1. HP: 18/18 MP: 2/2
    22 | D:1      | Reached skill level 2 in Crossbows
    94 | D:1      | Reached XP level 2. HP: 25/25 MP: 3/3
   825 | D:2      | Reached skill level 3 in Crossbows
   825 | D:2      | Reached XP level 3. HP: 12/31 MP: 4/4
  1092 | D:2      | Learned a level 2 spell: Slow
  1519 | D:2      | Reached XP level 4. HP: 7/38 MP: 5/5
  1786 | D:2      | Reached skill level 4 in Crossbows
  2554 | D:3      | HP: 1/38 [poisoned by a gnoll]
  2555 | D:3      | Slain by a gnoll

Skill      XL: |  1  2  3  4 |
---------------+-------------+-----
Crossbows      | 2 3 4 |  4.4
Fighting       | |  1.0
Dodging        | |  1.5
Spellcasting   | |  1.0
Hexes          | |  3.0

Action                   |  1- 3 |  4- 6 || total
-------------------------+-------+-------++-------
Melee: Spear             |    25 |       ||    25
       Hand axe          |    56 |    41 ||    97
 Fire: Hand crossbow     |    40 |     8 ||    48
 Abil: Spit Poison       |    10 |     4 ||    14
  Use: Scroll            |       |     2 ||     2
       Potion            |       |     2 ||     2
 Stab: Sleeping          |       |     1 ||     1
  Eat: Ration            |     2 |       ||     2
       Chunk             |       |     2 ||     2
Armor: Robe              |    29 |     5 ||    34
Dodge: Dodged            |    67 |    33 ||   100

Levels and vault maps discovered:
D:1:      onia_arrival_larder, layout_loops_ring, minmay_stone_trees_large
D:2:      layout_loops_cross
D:3:      layout_basic, first_ration
